Map: [ESL] Data-C

Players

Serral - Winner!

  • Race: Zerg Zerg
  • Spawn Location: 3:00

gumiho

  • Race: Terran Terran
  • Spawn Location: 9:00

Event: HomeStory Cup XXII

VOD

Have the link to the VOD?

Description

Time

  • Played on: Dec. 15, 2022, 3:50 p.m.
  • Length: 11:10

All games in this series

Show
View Real Time Build Order
Export as new Build Order

Serral Zerg - Winner!

Build Orders: Hatch First 

Get SALT Encoding   

  12  0:00  Drone  
  13  0:11  Overlord  
  13  0:16  Drone  
  14  0:30  Drone x2  
  16  0:48  Hatchery  
  15  0:52  Drone  
  15  0:55  Drone  
  17  0:58  Drone  
  18  1:09  Extractor  
  17  1:14  Spawning Pool  
  17  1:17  Drone  
  17  1:20  Drone  
  18  1:27  Drone  
  19  1:38  Drone  
  20  1:48  Drone  
  21  2:00  Queen x2  
  25  2:01  Zergling x4  
  27  2:10  Overlord  
  27  2:11  Drone  
  28  2:23  Hatchery  
  28  2:26  Drone  
  28  2:31  Spore Crawler  
  28  2:33  Drone  
  28  2:35  Drone x2  
  31  2:39  Spore Crawler  
  30  2:46  Queen  
  30  2:49  Metabolic Boost  
  33  2:52  Overlord  
  33  2:55  Drone  
  33  2:57  Drone  
  35  2:59  Drone  
  35  3:04  Overlord  
  36  3:12  Drone x3  
  39  3:14  Drone  
  39  3:17  Queen  
  42  3:20  Drone  
  42  3:22  Drone  
  44  3:27  Queen  
  44  3:29  Drone  
  47  3:35  Queen  
  47  3:39  Overlord  
  49  3:43  Drone x3  
  49  3:46  Zergling x2  
  49  3:48  Zergling x2  
  54  3:50  Overlord  
  54  3:54  Drone x2  
  56  3:56  Drone  
  56  3:59  Queen  
  56  4:02  Zergling x2  
  60  4:05  Drone x2  
  62  4:10  Queen  
  62  4:11  Drone  
  62  4:15  Drone x2  
  62  4:16  Drone  
  68  4:22  Overlord  
  68  4:28  Overlord  
  68  4:30  Overlord  
  68  4:35  Extractor  
  68  4:36  Lair  
  67  4:39  Extractor  
  67  4:41  Zergling x2  
  67  4:42  Zergling x4, Baneling Nest, Drone x5  
  73  4:46  Zergling x2  
  73  4:47  Drone  
  73  4:48  Drone  
  73  4:49  Drone  
  77  4:53  Drone x3, Extractor  
  77  4:58  Drone x2  
  81  5:00  Spore Crawler  
  81  5:03  Drone  
  81  5:09  Drone x2  
  81  5:10  Hatchery  
  81  5:11  Drone  
  81  5:13  Drone x2  
  85  5:15  Drone  
  85  5:18  Queen  
  85  5:20  Drone  
  88  5:21  Extractor  
  88  5:22  Extractor  
  88  5:24  Overlord  
  88  5:25  Drone x2  
  88  5:28  Drone  
  89  5:30  Overlord  
  89  5:32  Spore Crawler  
  88  5:36  Spire  
  88  5:37  Overseer  
  88  5:38  Baneling x2  
  88  5:39  Drone  
  88  5:40  Drone  
  89  5:43  Drone x2  
  89  5:44  Drone x2  
  89  5:46  Drone  
  89  5:49  Drone, Overlord  
  95  5:50  Drone  
  95  5:53  Drone x2  
  98  5:57  Zergling x8  
  98  6:03  Zergling x8  
  98  6:14  Zergling x10  
  97  6:20  Drone x2  
  97  6:23  Drone x2  
  101  6:27  Drone  
  101  6:32  Drone  
  103  6:33  Drone x2  
  105  6:43  Drone, Overlord  
  105  6:46  Extractor  
  105  6:48  Mutalisk x3  
  105  6:49  Zerg Flyer Weapons Level 1, Extractor  
  107  6:59  Mutalisk x2  
  111  7:04  Mutalisk x4  
  119  7:09  Overlord x2  
  119  7:14  Overlord  
  119  7:20  Evolution Chamber  
  119  7:21  Evolution Chamber  
  117  7:22  Baneling  
  117  7:23  Baneling x2  
  117  7:25  Drone x2  
  117  7:28  Drone x15  
  134  7:32  Drone  
  135  7:40  Overlord  
  135  7:41  Mutalisk x4  
  143  7:48  Zerg Ground Armor Level 1, Zerg Melee Weapons Level 1, Overlord  
  143  7:50  Overlord  
  142  7:52  Overlord  
  142  7:58  Overlord  
  134  8:00  Overlord  
  134  8:01  Mutalisk x3  
  139  8:10  Mutalisk x4  
  145  8:13  Drone x2  
  145  8:16  Mutalisk x3  
  151  8:23  Hatchery  
  151  8:25  Centrifugal Hooks  
  150  8:30  Drone x2  
  152  8:36  Roach Warren, Mutalisk x4  
  159  8:47  Zerg Flyer Weapons Level 2  
  159  8:48  Pneumatized Carapace  
  159  8:50  Drone, Overlord x2  
  159  8:51  Drone x5  
  159  8:53  Drone  
  159  8:54  Drone x2  
  168  8:59  Baneling x8  
  168  9:01  Zergling x10  
  173  9:03  Drone  
  171  9:18  Mutalisk  
  171  9:19  Mutalisk  
  171  9:20  Zergling x22  
  171  9:24  Extractor  
  185  9:28  Extractor  
  185  9:30  Glial Reconstitution  
  180  9:39  Spine Crawler  
  180  9:42  Zergling x18  
  188  9:50  Infestation Pit  
  151  10:18  Corruptor x8  
  151  10:20  Corruptor  
  163  10:22  Roach x11  
  185  10:30  Spine Crawler  
  185  10:31  Drone x2  
  185  10:35  Hatchery  
  185  10:38  Baneling x2  
  185  10:39  Baneling x11  
  185  10:42  Ravager x2  
  190  10:43  Ravager x3  
  190  10:47  Ravager  
  190  10:48  Hatchery, Ravager  
Show
View Real Time Build Order
Export as new Build Order

gumiho Terran 

Build Orders: Reaper Expand, Mech 

Get SALT Encoding   

  12  0:00  SCV  
  13  0:12  SCV  
  14  0:17  Supply Depot  
  14  0:24  SCV  
  15  0:38  SCV  
  15  0:41  Barracks  
  16  0:43  Refinery  
  16  0:50  SCV  
  17  1:02  SCV  
  18  1:15  SCV  
  19  1:27  Orbital Command  
  19  1:28  Reaper  
  20  1:39  Command Center  
  20  1:46  Supply Depot  
  20  1:53  SCV  
  21  2:00  Marine  
  22  2:05  SCV  
  23  2:10  Factory  
  23  2:17  SCV  
  25  2:24  Barracks Reactor  
  25  2:29  SCV  
  25  2:37  Command Center  
  25  2:41  SCV  
  26  2:52  Refinery  
  26  2:53  SCV  
  26  2:54  Orbital Command  
  27  3:02  Starport  
  27  3:06  SCV  
  28  3:14  Hellion  
  28  3:15  Hellion  
  28  3:18  SCV  
  28  3:19  SCV  
  34  3:22  Barracks Tech Lab  
  34  3:30  SCV  
  34  3:31  SCV  
  36  3:37  Hellion x2  
  40  3:43  SCV  
  40  3:44  SCV, Viking  
  44  3:49  Orbital Command  
  44  3:55  Fusion Core  
  44  3:58  SCV x2  
  44  4:02  Refinery  
  46  4:03  Refinery  
  46  4:10  SCV x2  
  46  4:12  Supply Depot  
  46  4:16  SCV  
  51  4:22  SCV x2  
  53  4:28  SCV  
  53  4:29  Supply Depot, Barracks Tech Lab  
  52  4:32  Hellion x2  
  52  4:34  SCV x2  
  52  4:35  Orbital Command  
  52  4:36  Supply Depot  
  58  4:48  Battlecruiser  
  58  4:50  SCV  
  58  4:51  SCV  
  66  4:56  Hellion  
  66  4:57  Hellion  
  70  5:00  Supply Depot  
  70  5:01  SCV  
  70  5:02  SCV  
  70  5:03  SCV  
  73  5:11  Factory  
  73  5:13  SCV, Factory  
  74  5:14  SCV  
  74  5:18  SCV  
  78  5:21  Hellion x2  
  78  5:24  Supply Depot  
  78  5:27  SCV  
  81  5:28  SCV  
  81  5:30  Supply Depot  
  81  5:35  Weapon Refit  
  82  5:36  SCV  
  82  5:39  SCV  
  82  5:40  SCV  
  85  5:45  Hellion x2  
  85  5:48  SCV  
  90  5:51  SCV  
  90  5:53  SCV  
  90  5:54  Battlecruiser  
  98  6:10  SCV x2  
  100  6:16  Hellion x2  
  99  6:21  SCV  
  99  6:22  SCV x2  
  99  6:25  Armory x2  
  98  6:28  Hellion  
  98  6:29  Engineering Bay  
  100  6:33  SCV  
  100  6:34  SCV x2  
  100  6:38  Command Center, Refinery  
  103  6:40  Refinery  
  103  6:41  Hellion  
  103  6:42  Hellion, Factory Tech Lab  
  103  6:44  Supply Depot  
  103  6:45  SCV  
  103  6:46  SCV  
  113  6:54  Cyclone, SCV  
  113  6:57  SCV  
  113  7:00  SCV, Battlecruiser  
  121  7:06  SCV, Siege Tank  
  125  7:10  SCV  
  125  7:12  SCV, Infernal Pre-Igniter  
  127  7:15  Missile Turret  
  127  7:16  Terran Vehicle Weapons Level 1, Terran Vehicle And Ship Armor Level 1, Missile Turret  
  127  7:23  Supply Depot x2  
  127  7:25  SCV x2  
  127  7:26  SCV  
  130  7:30  Supply Depot  
  130  7:34  Factory  
  130  7:35  Factory  
  130  7:43  Thor  
  132  7:45  Missile Turret  
  127  7:56  Cyclone, Hellion x2  
  121  8:07  SCV x2  
  121  8:13  SCV  
  121  8:19  SCV  
  124  8:20  SCV  
  124  8:25  SCV, Orbital Command  
  124  8:26  Thor  
  131  8:27  Factory Tech Lab, Factory Reactor  
  131  8:29  Hellion  
  131  8:30  Missile Turret  
  131  8:31  Missile Turret  
  131  8:32  SCV x2  
  135  8:36  Missile Turret  
  135  8:40  Thor  
  141  8:47  Thor  
  147  8:50  Missile Turret x2  
  147  8:53  Missile Turret  
  147  8:57  Missile Turret  
  147  8:59  Sensor Tower  
  147  9:06  Hi-Sec Auto Tracking  
  147  9:07  Hellion x2  
  149  9:19  Missile Turret  
  149  9:20  SCV x3, Missile Turret  
  149  9:22  Supply Depot  
  148  9:35  Missile Turret  
  148  9:37  Supply Depot  
  148  9:43  Command Center  
  148  9:46  Supply Depot x2  
  148  9:48  Supply Depot, Thor  
  154  9:54  Thor  
  142  10:10  Thor  
  138  10:18  Hellion x3  
  138  10:19  Hellion  
  146  10:25  Missile Turret  
  146  10:30  SCV x2  
  146  10:32  SCV  
  149  10:42  SCV  
Tags
 
Composition
Mech
Matchup
TvZ
Replay Pack
hsc22
Spawn Locations
Cross Positions
Add a new tag
Caveats
  • Supply blocks, unpowered buildings, or Contaminate may cause inaccurate times.
  • Supply counts are checked every 10 seconds.